[ PARTIDA AOE2 · #478959837 ]
UnrankedVikingos vs Bengalis
[ ANÁLISIS DE REPETICIÓN · EXTRAÍDO DE LA PARTIDA GRABADA ]
Feudal
10:56
Castillos
14:26
Imperial
28:35
| APM promedio | 43.5 |
| APM pico | 74 |
| eAPM promedio | 27.4 |
| Aldeanos / militares | 153 / 354 |
Foco
⚔️ 43.4% · 🌾 56.6%
Berserk ×153 · Skirmisher ×100 · Archer ×90 · Trade Cart ×39 · Mangonel ×7 · Scorpion ×4
Feudal
12:52
Castillos
16:22
Imperial
31:46
| APM promedio | 51.6 |
| APM pico | 101 |
| eAPM promedio | 35.8 |
| Aldeanos / militares | 146 / 116 |
Foco
⚔️ 68.7% · 🌾 31.3%
Mangudai ×85 · Mangonel ×29 · Fishing Ship ×16 · Trade Cart ×14 · Trebuchet (Packed) ×2
Feudal
10:27
Castillos
16:46
Imperial
47:39
| APM promedio | 47.2 |
| APM pico | 97 |
| eAPM promedio | 31.6 |
| Aldeanos / militares | 247 / 46 |
Foco
⚔️ 17.3% · 🌾 82.7%
Scout Cavalry ×46
Feudal
10:07
Castillos
14:09
Imperial
36:00
| APM promedio | 42.9 |
| APM pico | 125 |
| eAPM promedio | 26.9 |
| Aldeanos / militares | 150 / 172 |
Foco
⚔️ 29.4% · 🌾 70.6%
Elephant Archer ×89 · Monk ×64 · Armored Elephant ×13 · Skirmisher ×5 · Mangonel ×1
Feudal
20:11
Castillos
29:41
Imperial
—
| APM promedio | 38.1 |
| APM pico | 100 |
| eAPM promedio | 23.9 |
| Aldeanos / militares | 127 / 142 |
Foco
⚔️ 32.7% · 🌾 67.3%
Spearman ×138 · Militia ×4
Feudal
13:04
Castillos
16:50
Imperial
30:45
| APM promedio | 40.2 |
| APM pico | 76 |
| eAPM promedio | 21.5 |
| Aldeanos / militares | 176 / 193 |
Foco
⚔️ 29.8% · 🌾 70.2%
Knight ×102 · Skirmisher ×76 · Bombard Cannon ×9 · Trade Cart ×6 · Trebuchet (Packed) ×3 · Monk ×2
Feudal
15:44
Castillos
23:30
Imperial
34:32
| APM promedio | 32.4 |
| APM pico | 70 |
| eAPM promedio | 21.3 |
| Aldeanos / militares | 156 / 98 |
Foco
⚔️ 31.9% · 🌾 68.1%
Elephant Archer ×91 · Trade Cart ×15 · Militia ×3 · Bombard Cannon ×3 · Monk ×1
Feudal
10:32
Castillos
15:04
Imperial
29:30
| APM promedio | 37.9 |
| APM pico | 93 |
| eAPM promedio | 15.8 |
| Aldeanos / militares | 167 / 271 |
Foco
⚔️ 35.8% · 🌾 64.2%
Militia ×210 · Spearman ×35 · Trade Cart ×26 · Iron Pagoda ×19 · Trebuchet (Packed) ×7
Mapa de la partida
Recursos iniciales + cada clic de construcción. Líneas = muros · curvas = relieve. ◆ oro · ⬟ piedra · ● bayas · ✦ reliquia · ◌ hueco del cierre
Tu base· ✓ Cerrada en 14:26 · 0t muro · sin puerta
Base de Prince <3· ✓ Cerrada en 16:22 · 48t muro · sin puerta
Base de Violet Ania· ✓ Cerrada en 16:46 · 17t muro · sin puerta
Base de tftnadi· Abierta — el rival se encerró
Base de MrGuler· ✓ Cerrada en 29:41 · 71t muro · 1 puerta(s)
Base de bolimoli· Abierta — el rival se encerró
Base de FayDingaway· ✓ Cerrada en 23:30 · 42t muro · 2 puerta(s)
Base de LM | Bumpi· Abierta — el rival se encerró
Terreno inicial suavizado · ◌ = hueco del cierre detectado · pasá el cursor para detalles
Inputs por minuto
— LM | Hanserino - - Prince <3
Build order — LM | Hanserino
Primeras 150 de 554 acciones detectadas
| 0:00 | Crear | Villager (Male) |
| 0:01 | Crear | Villager (Male) |
| 0:01 | Crear | Villager (Male) |
| 0:02 | Construir | House |
| 0:03 | Construir | House |
| 0:25 | Crear | Villager (Male) |
| 1:35 | Crear | Villager (Male) |
| 1:55 | Crear | Villager (Male) |
| 1:57 | Construir | Lumber Camp |
| 2:18 | Crear | Villager (Male) |
| 2:34 | Crear | Villager (Male) |
| 3:14 | Crear | Villager (Male) |
| 3:15 | Crear | Villager (Male) |
| 3:15 | Crear | Villager (Male) |
| 3:23 | Construir | House |
| 3:24 | Construir | House |
| 3:48 | Crear | Villager (Male) |
| 4:09 | Crear | Villager (Male) |
| 4:23 | Crear | Villager (Male) |
| 4:38 | Crear | Villager (Male) |
| 5:36 | Construir | Mill |
| 5:42 | Crear | Villager (Male) |
| 5:43 | Crear | Villager (Male) |
| 5:54 | Crear | Villager (Male) |
| 7:01 | Crear | Villager (Male) |
| 7:01 | Crear | Villager (Male) |
| 7:20 | Construir | Mining Camp |
| 7:51 | Crear | Villager (Male) |
| 7:53 | Crear | Villager (Male) |
| 7:57 | Construir | House |
| 8:28 | Construir | Lumber Camp |
| 8:39 | Investigar | Feudal Age |
| 9:01 | Crear | Villager (Male) |
| 9:01 | Crear | Villager (Male) |
| 10:56 | Edad | Edad Feudal |
| 10:57 | Construir | Market |
| 10:59 | Construir | Blacksmith |
| 11:06 | Investigar | Double-Bit Axe |
| 11:45 | Investigar | Castle Age |
| 12:13 | Investigar | Gold Mining |
| 12:13 | Investigar | Gold Mining |
| 12:24 | Construir | House |
| 12:29 | Construir | House |
| 12:34 | Construir | House |
| 12:40 | Construir | House |
| 13:05 | Investigar | Horse Collar |
| 13:20 | Crear | Villager (Male) |
| 13:37 | Construir | House |
| 14:26 | Edad | Edad de los Castillos |
| 14:28 | Construir | Siege Workshop |
| 14:30 | Crear | Villager (Male) |
| 14:35 | Construir | Town Center |
| 14:37 | Investigar | Bow Saw |
| 14:45 | Investigar | Heavy Plow |
| 15:00 | Construir | Farm |
| 15:02 | Construir | Farm |
| 15:03 | Crear | Villager (Male) |
| 15:06 | Construir | House |
| 15:17 | Construir | Farm |
| 15:22 | Crear | Villager (Male) |
| 15:37 | Crear | Mangonel |
| 15:38 | Crear | Mangonel |
| 15:51 | Construir | Farm |
| 16:03 | Construir | House |
| 16:08 | Crear | Villager (Male) |
| 16:15 | Crear | Mangonel |
| 16:15 | Crear | Mangonel |
| 16:20 | Crear | Villager (Male) |
| 16:30 | Construir | Farm |
| 16:37 | Construir | House |
| 16:45 | Crear | Villager (Male) |
| 16:52 | Construir | Farm |
| 17:00 | Construir | Farm |
| 17:04 | Construir | Farm |
| 17:05 | Crear | Villager (Male) |
| 17:05 | Crear | Villager (Male) |
| 17:21 | Crear | Villager (Male) |
| 17:37 | Construir | House |
| 17:40 | Construir | Farm |
| 17:42 | Construir | Farm |
| 17:55 | Crear | Villager (Male) |
| 17:56 | Crear | Villager (Male) |
| 17:56 | Crear | Villager (Male) |
| 18:05 | Crear | Villager (Male) |
| 18:08 | Crear | Villager (Male) |
| 18:17 | Crear | Villager (Male) |
| 18:18 | Crear | Villager (Male) |
| 18:22 | Construir | Town Center |
| 18:28 | Construir | Farm |
| 18:29 | Construir | Farm |
| 18:54 | Crear | Mangonel |
| 18:55 | Crear | Villager (Male) |
| 19:07 | Construir | Farm |
| 19:11 | Construir | Farm |
| 19:15 | Construir | Farm |
| 19:18 | Construir | Farm |
| 19:19 | Crear | Villager (Male) |
| 19:19 | Crear | Villager (Male) |
| 19:32 | Crear | Villager (Male) |
| 19:38 | Crear | Villager (Male) |
| 19:40 | Crear | Villager (Male) |
| 19:43 | Construir | Farm |
| 19:44 | Construir | Farm |
| 19:44 | Construir | Farm |
| 19:47 | Construir | Farm |
| 19:53 | Crear | Villager (Male) |
| 20:14 | Crear | Villager (Male) |
| 20:42 | Crear | Mangonel |
| 20:43 | Crear | Villager (Male) |
| 20:43 | Crear | Villager (Male) |
| 20:43 | Crear | Villager (Male) |
| 20:45 | Crear | Villager (Male) |
| 20:47 | Construir | Farm |
| 20:47 | Construir | Farm |
| 20:47 | Construir | Farm |
| 20:54 | Construir | Farm |
| 21:06 | Crear | Villager (Male) |
| 21:08 | Crear | Mangonel |
| 21:08 | Crear | Villager (Male) |
| 21:09 | Crear | Villager (Male) |
| 21:17 | Crear | Villager (Male) |
| 21:19 | Construir | Farm |
| 21:20 | Crear | Villager (Male) |
| 21:25 | Construir | Farm |
| 21:30 | Crear | Villager (Male) |
| 21:41 | Crear | Villager (Male) |
| 21:48 | Crear | Villager (Male) |
| 21:57 | Crear | Villager (Male) |
| 22:09 | Crear | Villager (Male) |
| 22:12 | Construir | House |
| 22:13 | Construir | House |
| 22:27 | Crear | Villager (Male) |
| 22:28 | Construir | House |
| 22:29 | Construir | House |
| 22:42 | Crear | Villager (Male) |
| 22:52 | Crear | Villager (Male) |
| 22:53 | Construir | Farm |
| 22:54 | Construir | Farm |
| 22:54 | Construir | Farm |
| 22:57 | Construir | Farm |
| 22:57 | Construir | Farm |
| 23:00 | Construir | Mining Camp |
| 23:02 | Crear | Villager (Male) |
| 23:08 | Crear | Villager (Male) |
| 23:17 | Crear | Villager (Male) |
| 23:17 | Crear | Villager (Male) |
| 23:19 | Construir | Farm |
| 23:20 | Construir | Farm |
| 23:20 | Construir | Farm |
| 23:20 | Construir | Farm |
Build order — Prince <3
Primeras 150 de 338 acciones detectadas
| 0:04 | Crear | Villager (Male) |
| 0:04 | Crear | Villager (Male) |
| 0:04 | Crear | Villager (Male) |
| 0:07 | Construir | House |
| 0:08 | Construir | House |
| 0:16 | Crear | Villager (Male) |
| 0:16 | Crear | Villager (Male) |
| 0:58 | Construir | Lumber Camp |
| 1:47 | Crear | Villager (Male) |
| 2:05 | Crear | Villager (Male) |
| 2:25 | Crear | Villager (Male) |
| 2:25 | Crear | Villager (Male) |
| 2:39 | Crear | Villager (Male) |
| 3:31 | Crear | Villager (Male) |
| 3:31 | Crear | Villager (Male) |
| 3:36 | Construir | House |
| 3:57 | Construir | Dock |
| 3:58 | Crear | Villager (Male) |
| 4:30 | Crear | Villager (Male) |
| 4:49 | Construir | House |
| 4:50 | Construir | House |
| 4:59 | Crear | Villager (Male) |
| 5:16 | Crear | Villager (Male) |
| 5:19 | Crear | Fishing Ship |
| 5:19 | Crear | Fishing Ship |
| 5:51 | Crear | Villager (Male) |
| 5:52 | Crear | Villager (Male) |
| 6:17 | Construir | Palisade Wall |
| 6:21 | Construir | Palisade Wall |
| 6:31 | Crear | Villager (Male) |
| 6:31 | Crear | Villager (Male) |
| 6:32 | Construir | House |
| 6:39 | Crear | Fishing Ship |
| 6:41 | Construir | House |
| 7:00 | Crear | Villager (Male) |
| 7:15 | Construir | Palisade Wall |
| 7:18 | Construir | Palisade Wall |
| 7:23 | Construir | Palisade Wall |
| 7:28 | Construir | House |
| 7:30 | Crear | Villager (Male) |
| 7:34 | Crear | Fishing Ship |
| 7:35 | Crear | Fishing Ship |
| 7:39 | Crear | Villager (Male) |
| 7:39 | Crear | Villager (Male) |
| 7:44 | Construir | Mill |
| 8:01 | Crear | Fishing Ship |
| 8:04 | Construir | House |
| 8:05 | Construir | House |
| 8:16 | Construir | Palisade Wall |
| 8:20 | Crear | Villager (Male) |
| 8:20 | Crear | Villager (Male) |
| 8:20 | Crear | Villager (Male) |
| 8:36 | Crear | Fishing Ship |
| 8:39 | Construir | House |
| 8:40 | Construir | House |
| 8:41 | Construir | House |
| 8:46 | Crear | Villager (Male) |
| 8:54 | Construir | Palisade Wall |
| 9:30 | Crear | Villager (Male) |
| 9:30 | Crear | Villager (Male) |
| 9:34 | Construir | Mining Camp |
| 9:47 | Crear | Fishing Ship |
| 9:52 | Construir | House |
| 10:42 | Investigar | Feudal Age |
| 10:42 | Investigar | Feudal Age |
| 10:58 | Crear | Fishing Ship |
| 10:59 | Crear | Fishing Ship |
| 11:59 | Crear | Villager (Male) |
| 12:00 | Crear | Villager (Male) |
| 12:31 | Crear | Fishing Ship |
| 12:52 | Edad | Edad Feudal |
| 12:52 | Construir | Blacksmith |
| 12:58 | Construir | Market |
| 13:07 | Investigar | Double-Bit Axe |
| 13:42 | Investigar | Castle Age |
| 13:42 | Investigar | Castle Age |
| 13:58 | Construir | Stone Wall |
| 14:20 | Investigar | Tech 906 |
| 14:47 | Construir | Fish Trap |
| 14:52 | Construir | Fish Trap |
| 14:55 | Construir | Fish Trap |
| 14:59 | Construir | Fish Trap |
| 15:23 | Crear | Villager (Male) |
| 15:23 | Crear | Villager (Male) |
| 15:28 | Construir | Fish Trap |
| 15:31 | Construir | Fish Trap |
| 15:39 | Construir | Fish Trap |
| 15:46 | Construir | Fish Trap |
| 16:22 | Edad | Edad de los Castillos |
| 16:39 | Construir | Town Center |
| 17:07 | Construir | Fish Trap |
| 17:09 | Crear | Villager (Male) |
| 17:09 | Crear | Villager (Male) |
| 17:30 | Investigar | Bow Saw |
| 17:41 | Construir | Fish Trap |
| 17:58 | Construir | Fish Trap |
| 18:02 | Crear | Villager (Male) |
| 18:02 | Crear | Villager (Male) |
| 18:03 | Crear | Villager (Male) |
| 18:03 | Crear | Villager (Male) |
| 18:18 | Investigar | Gillnets |
| 18:18 | Crear | Fishing Ship |
| 18:58 | Construir | Mining Camp |
| 19:02 | Crear | Fishing Ship |
| 19:03 | Crear | Villager (Male) |
| 19:03 | Crear | Villager (Male) |
| 19:03 | Crear | Villager (Male) |
| 19:03 | Crear | Villager (Male) |
| 19:39 | Construir | Fish Trap |
| 19:43 | Crear | Fishing Ship |
| 19:43 | Crear | Fishing Ship |
| 19:44 | Crear | Fishing Ship |
| 20:07 | Crear | Villager (Male) ×4 |
| 20:21 | Construir | Castle |
| 20:26 | Construir | Fish Trap |
| 20:31 | Crear | Villager (Male) |
| 20:31 | Crear | Villager (Male) |
| 20:51 | Crear | Villager (Male) |
| 20:51 | Crear | Villager (Male) |
| 20:56 | Construir | Fish Trap |
| 21:01 | Construir | Town Center |
| 21:48 | Crear | Villager (Male) |
| 21:48 | Crear | Villager (Male) |
| 21:49 | Crear | Villager (Male) |
| 21:53 | Construir | Castle |
| 22:17 | Crear | Villager (Male) |
| 22:17 | Crear | Villager (Male) |
| 22:18 | Crear | Villager (Male) |
| 22:18 | Crear | Villager (Male) |
| 22:18 | Crear | Villager (Male) |
| 22:19 | Crear | Villager (Male) |
| 22:27 | Construir | Fish Trap |
| 22:29 | Construir | Fish Trap |
| 22:34 | Construir | Lumber Camp |
| 22:42 | Construir | Farm |
| 22:42 | Construir | Farm |
| 22:42 | Construir | Farm |
| 22:42 | Construir | Farm |
| 22:43 | Construir | Farm |
| 22:54 | Crear | Mangudai |
| 22:55 | Crear | Mangudai |
| 23:08 | Construir | Siege Workshop |
| 23:12 | Crear | Villager (Male) |
| 23:12 | Crear | Villager (Male) |
| 23:15 | Construir | Farm |
| 23:16 | Construir | Farm |
| 23:16 | Construir | Farm |
| 23:16 | Construir | Farm |
| 23:25 | Crear | Mangudai |
| 23:25 | Crear | Mangudai |
Build order — Violet Ania
Primeras 150 de 567 acciones detectadas
| 0:03 | Construir | House |
| 0:04 | Construir | House |
| 0:05 | Crear | Villager (Male) |
| 0:07 | Crear | Villager (Male) |
| 0:07 | Crear | Villager (Male) |
| 0:08 | Crear | Villager (Male) |
| 0:08 | Crear | Villager (Male) |
| 0:12 | Crear | Villager (Male) |
| 0:12 | Crear | Villager (Male) |
| 0:21 | Crear | Villager (Male) |
| 0:21 | Crear | Villager (Male) |
| 0:55 | Construir | Palisade Wall |
| 1:49 | Construir | Palisade Wall |
| 1:51 | Crear | Villager (Male) |
| 1:51 | Crear | Villager (Male) |
| 2:16 | Crear | Villager (Male) |
| 2:17 | Crear | Villager (Male) |
| 2:38 | Construir | Lumber Camp |
| 2:52 | Crear | Villager (Male) |
| 2:52 | Crear | Villager (Male) |
| 3:24 | Crear | Villager (Male) |
| 3:24 | Crear | Villager (Male) |
| 3:39 | Crear | Villager (Male) |
| 3:39 | Crear | Villager (Male) |
| 4:31 | Crear | Villager (Male) |
| 4:31 | Crear | Villager (Male) |
| 4:31 | Crear | Villager (Male) |
| 4:44 | Crear | Villager (Male) |
| 4:45 | Crear | Villager (Male) |
| 4:54 | Investigar | Loom |
| 5:27 | Construir | House |
| 6:09 | Construir | Mill |
| 6:11 | Crear | Villager (Male) |
| 6:11 | Crear | Villager (Male) |
| 6:39 | Crear | Villager (Male) |
| 6:39 | Crear | Villager (Male) |
| 6:58 | Crear | Villager (Male) |
| 6:58 | Crear | Villager (Male) |
| 8:17 | Investigar | Feudal Age |
| 8:23 | Construir | Mining Camp |
| 9:01 | Crear | Villager (Male) |
| 9:01 | Crear | Villager (Male) |
| 10:03 | Construir | House |
| 10:27 | Edad | Edad Feudal |
| 10:39 | Construir | Stone Wall |
| 10:55 | Investigar | Town Watch |
| 10:58 | Crear | Villager (Male) |
| 10:58 | Crear | Villager (Male) |
| 11:10 | Construir | Market |
| 11:12 | Construir | Blacksmith |
| 12:51 | Construir | Farm |
| 12:52 | Construir | Farm |
| 13:03 | Crear | Villager (Male) |
| 13:04 | Crear | Villager (Male) |
| 13:07 | Construir | Outpost |
| 13:37 | Construir | House |
| 13:42 | Crear | Villager (Male) |
| 13:42 | Crear | Villager (Male) |
| 14:06 | Investigar | Castle Age |
| 15:55 | Investigar | Double-Bit Axe |
| 15:56 | Investigar | Horse Collar |
| 16:46 | Edad | Edad de los Castillos |
| 16:51 | Construir | Town Center |
| 17:03 | Crear | Villager (Male) |
| 17:03 | Crear | Villager (Male) |
| 17:06 | Crear | Villager (Male) |
| 17:07 | Crear | Villager (Male) |
| 17:11 | Construir | Town Center |
| 17:15 | Crear | Villager (Male) |
| 17:16 | Crear | Villager (Male) |
| 17:27 | Construir | Stone Wall |
| 17:32 | Crear | Villager (Male) |
| 17:32 | Crear | Villager (Male) |
| 17:36 | Construir | University |
| 17:50 | Crear | Villager (Male) |
| 17:50 | Crear | Villager (Male) |
| 18:19 | Crear | Villager (Male) |
| 18:20 | Crear | Villager (Male) |
| 18:24 | Construir | Farm |
| 18:36 | Crear | Villager (Male) |
| 18:36 | Crear | Villager (Male) |
| 18:40 | Crear | Villager (Male) |
| 18:41 | Crear | Villager (Male) |
| 18:41 | Crear | Villager (Male) |
| 18:46 | Construir | House |
| 18:47 | Construir | House |
| 18:48 | Construir | House |
| 18:49 | Construir | House |
| 18:51 | Crear | Villager (Male) |
| 18:51 | Crear | Villager (Male) |
| 19:02 | Construir | Farm |
| 19:04 | Construir | Farm |
| 19:28 | Crear | Villager (Male) |
| 19:32 | Construir | Barracks |
| 19:33 | Crear | Villager (Male) |
| 19:33 | Crear | Villager (Male) |
| 19:48 | Construir | Farm |
| 19:51 | Crear | Villager (Male) |
| 19:51 | Crear | Villager (Male) |
| 20:03 | Construir | House |
| 20:04 | Construir | House |
| 20:07 | Crear | Villager (Male) |
| 20:07 | Crear | Villager (Male) |
| 20:18 | Crear | Villager (Male) |
| 20:18 | Crear | Villager (Male) |
| 20:30 | Construir | Stable |
| 20:34 | Construir | Farm |
| 20:34 | Construir | Farm |
| 20:34 | Construir | Farm |
| 20:35 | Construir | Farm |
| 20:35 | Construir | Farm |
| 20:35 | Construir | Farm |
| 20:35 | Construir | Farm |
| 20:37 | Crear | Villager (Male) |
| 20:37 | Crear | Villager (Male) |
| 21:00 | Construir | Farm |
| 21:00 | Construir | Farm |
| 21:01 | Construir | Farm |
| 21:01 | Construir | Farm |
| 21:01 | Construir | Farm |
| 21:01 | Construir | Farm |
| 21:02 | Construir | Farm |
| 21:03 | Crear | Villager (Male) |
| 21:03 | Crear | Villager (Male) |
| 21:09 | Construir | Palisade Wall |
| 21:12 | Construir | Palisade Wall |
| 21:18 | Crear | Villager (Male) |
| 21:18 | Crear | Villager (Male) |
| 21:20 | Construir | Farm |
| 21:20 | Construir | Farm |
| 21:20 | Construir | Farm |
| 21:20 | Construir | Farm |
| 21:29 | Crear | Scout Cavalry |
| 21:30 | Crear | Scout Cavalry |
| 21:30 | Crear | Scout Cavalry |
| 21:34 | Crear | Villager (Male) |
| 21:34 | Crear | Villager (Male) |
| 21:47 | Construir | Stone Wall |
| 22:03 | Crear | Villager (Male) |
| 22:03 | Crear | Villager (Male) |
| 22:13 | Crear | Villager (Male) |
| 22:13 | Crear | Villager (Male) |
| 22:17 | Crear | Villager (Male) |
| 22:17 | Crear | Villager (Male) |
| 22:18 | Crear | Villager (Male) |
| 22:23 | Construir | Farm |
| 22:24 | Construir | Farm |
| 22:24 | Construir | Farm |
| 22:24 | Construir | Farm |
| 22:24 | Construir | Farm |
Build order — tftnadi
Primeras 150 de 527 acciones detectadas
| 0:02 | Crear | Villager (Male) |
| 0:02 | Crear | Villager (Male) |
| 0:03 | Construir | House |
| 0:04 | Construir | House |
| 0:10 | Crear | Villager (Male) |
| 0:10 | Crear | Villager (Male) |
| 0:10 | Crear | Villager (Male) |
| 1:31 | Crear | Villager (Male) |
| 1:31 | Crear | Villager (Male) |
| 1:59 | Construir | Lumber Camp |
| 2:03 | Crear | Villager (Male) |
| 2:22 | Crear | Villager (Male) |
| 2:51 | Crear | Villager (Male) |
| 3:16 | Crear | Villager (Male) |
| 3:20 | Construir | House |
| 3:44 | Crear | Villager (Male) |
| 4:04 | Crear | Villager (Male) |
| 4:05 | Crear | Villager (Male) |
| 4:05 | Crear | Villager (Male) |
| 4:15 | Construir | House |
| 4:49 | Construir | Mill |
| 4:52 | Crear | Villager (Male) |
| 5:11 | Crear | Villager (Male) |
| 5:37 | Crear | Villager (Male) |
| 5:59 | Crear | Villager (Male) |
| 6:28 | Crear | Villager (Male) |
| 6:46 | Construir | Mining Camp |
| 6:54 | Construir | House |
| 6:58 | Construir | House |
| 7:05 | Crear | Villager (Male) |
| 7:32 | Crear | Villager (Male) |
| 7:53 | Investigar | Feudal Age |
| 7:53 | Investigar | Feudal Age |
| 9:19 | Construir | Palisade Wall |
| 9:47 | Crear | Villager (Male) |
| 10:07 | Edad | Edad Feudal |
| 10:10 | Construir | Market |
| 10:27 | Crear | Villager (Male) |
| 10:50 | Construir | Blacksmith |
| 11:02 | Crear | Villager (Male) |
| 11:29 | Investigar | Castle Age |
| 11:30 | Investigar | Castle Age |
| 11:38 | Investigar | Double-Bit Axe |
| 11:38 | Investigar | Double-Bit Axe |
| 11:57 | Construir | Lumber Camp |
| 12:10 | Construir | House |
| 12:19 | Construir | House |
| 13:00 | Construir | Farm |
| 13:22 | Construir | Farm |
| 13:29 | Crear | Villager (Male) |
| 13:35 | Construir | Farm |
| 14:03 | Construir | Farm |
| 14:06 | Construir | Farm |
| 14:09 | Edad | Edad de los Castillos |
| 14:12 | Construir | Siege Workshop |
| 14:21 | Crear | Villager (Male) |
| 14:44 | Crear | Villager (Male) |
| 14:52 | Construir | Monastery |
| 14:54 | Crear | Armored Elephant |
| 15:08 | Crear | Villager (Male) |
| 15:12 | Construir | Farm |
| 15:13 | Construir | Farm |
| 15:17 | Crear | Armored Elephant |
| 15:30 | Crear | Mangonel |
| 15:31 | Crear | Villager (Male) |
| 15:33 | Construir | Farm |
| 15:39 | Investigar | Sanctity |
| 15:44 | Crear | Monk |
| 15:53 | Crear | Villager (Male) |
| 16:03 | Construir | Farm |
| 16:08 | Investigar | Bow Saw |
| 16:08 | Investigar | Bow Saw |
| 16:25 | Crear | Armored Elephant |
| 16:27 | Crear | Villager (Male) |
| 16:33 | Crear | Monk |
| 16:38 | Construir | House |
| 16:43 | Construir | Monastery |
| 16:53 | Investigar | Sanctity |
| 16:54 | Investigar | Sanctity |
| 17:11 | Crear | Villager (Male) |
| 17:35 | Crear | Villager (Male) |
| 17:39 | Construir | Farm |
| 17:39 | Construir | Farm |
| 18:03 | Construir | House |
| 18:04 | Construir | House |
| 18:05 | Crear | Villager (Male) |
| 18:11 | Investigar | Redemption |
| 18:24 | Construir | Monastery |
| 18:25 | Crear | Villager (Male) |
| 18:32 | Construir | Farm |
| 18:34 | Crear | Monk |
| 18:54 | Crear | Villager (Male) |
| 18:54 | Crear | Villager (Male) |
| 19:07 | Construir | Mining Camp |
| 19:17 | Crear | Monk |
| 19:17 | Crear | Monk |
| 19:33 | Investigar | Fervor |
| 19:33 | Investigar | Fervor |
| 19:34 | Investigar | Fervor |
| 19:34 | Crear | Villager (Male) |
| 19:35 | Crear | Villager (Male) |
| 19:39 | Investigar | Gold Mining |
| 19:40 | Investigar | Gold Mining |
| 19:44 | Construir | Mining Camp |
| 19:55 | Crear | Monk |
| 19:55 | Crear | Monk |
| 20:03 | Crear | Monk |
| 20:03 | Crear | Monk |
| 20:42 | Crear | Monk |
| 20:43 | Crear | Monk |
| 20:43 | Crear | Monk |
| 20:45 | Crear | Villager (Male) |
| 20:45 | Crear | Villager (Male) |
| 20:45 | Crear | Villager (Male) |
| 20:45 | Crear | Villager (Male) |
| 21:09 | Crear | Monk |
| 21:09 | Crear | Monk |
| 21:09 | Crear | Monk |
| 21:12 | Construir | House |
| 21:12 | Construir | House |
| 21:13 | Construir | House |
| 21:13 | Construir | House |
| 21:13 | Construir | House |
| 21:13 | Construir | House |
| 21:16 | Construir | Lumber Camp |
| 21:25 | Crear | Monk |
| 21:25 | Crear | Monk |
| 21:29 | Construir | Barracks |
| 21:29 | Construir | Barracks |
| 21:33 | Crear | Armored Elephant |
| 21:35 | Investigar | Scale Barding Armor |
| 21:36 | Investigar | Scale Barding Armor |
| 21:39 | Construir | House |
| 21:39 | Construir | House |
| 22:19 | Crear | Armored Elephant |
| 22:20 | Crear | Villager (Male) |
| 22:20 | Crear | Villager (Male) |
| 22:26 | Crear | Monk ×2 |
| 22:34 | Construir | Town Center |
| 22:36 | Construir | Mining Camp |
| 22:48 | Crear | Monk |
| 22:48 | Crear | Monk |
| 23:18 | Crear | Armored Elephant |
| 23:18 | Crear | Armored Elephant |
| 23:20 | Crear | Villager (Male) |
| 23:34 | Crear | Monk |
| 23:34 | Crear | Monk |
| 23:35 | Crear | Monk |
| 23:35 | Crear | Monk |
| 23:44 | Construir | Stone Wall |
Build order — MrGuler
Primeras 150 de 364 acciones detectadas
| 0:01 | Crear | Villager (Male) |
| 0:02 | Construir | House |
| 0:03 | Construir | House |
| 0:18 | Crear | Villager (Male) ×3 |
| 0:23 | Investigar | Loom |
| 0:26 | Crear | Villager (Male) |
| 0:30 | Crear | Villager (Male) |
| 0:31 | Crear | Villager (Male) |
| 1:03 | Construir | Palisade Wall |
| 2:12 | Crear | Villager (Male) |
| 2:13 | Crear | Villager (Male) |
| 2:28 | Construir | Palisade Wall |
| 2:49 | Construir | Palisade Wall |
| 3:50 | Crear | Villager (Male) ×2 |
| 4:27 | Crear | Villager (Male) |
| 4:27 | Crear | Villager (Male) |
| 5:10 | Crear | Villager (Male) |
| 5:48 | Crear | Villager (Male) |
| 5:48 | Crear | Villager (Male) |
| 6:18 | Crear | Villager (Male) |
| 6:45 | Crear | Villager (Male) |
| 7:16 | Crear | Villager (Male) |
| 7:39 | Construir | Palisade Wall |
| 8:50 | Crear | Villager (Male) |
| 8:50 | Crear | Villager (Male) |
| 8:50 | Crear | Villager (Male) |
| 8:51 | Crear | Villager (Male) |
| 8:51 | Crear | Villager (Male) |
| 8:51 | Crear | Villager (Male) |
| 8:53 | Construir | House |
| 9:16 | Construir | Palisade Wall |
| 9:28 | Crear | Villager (Male) |
| 9:28 | Crear | Villager (Male) |
| 9:28 | Crear | Villager (Male) |
| 9:47 | Construir | Palisade Wall |
| 10:10 | Construir | Palisade Wall |
| 10:12 | Construir | Palisade Wall |
| 10:14 | Construir | Palisade Wall |
| 10:15 | Construir | Palisade Wall |
| 10:30 | Construir | Palisade Wall |
| 10:40 | Crear | Villager (Male) |
| 10:41 | Crear | Villager (Male) |
| 10:41 | Crear | Villager (Male) |
| 11:09 | Construir | Barracks |
| 11:13 | Construir | Palisade Wall |
| 11:15 | Construir | Palisade Wall |
| 11:17 | Construir | Palisade Wall |
| 11:52 | Construir | Palisade Wall |
| 12:13 | Crear | Villager (Male) |
| 12:34 | Construir | Lumber Camp |
| 12:45 | Construir | House |
| 12:55 | Crear | Villager (Male) |
| 13:09 | Construir | House |
| 13:36 | Crear | Villager (Male) |
| 13:39 | Crear | Militia |
| 13:42 | Construir | House |
| 13:43 | Crear | Militia |
| 14:04 | Crear | Villager (Male) |
| 14:05 | Crear | Villager (Male) |
| 14:05 | Crear | Villager (Male) |
| 14:21 | Construir | Mill |
| 14:49 | Construir | Farm |
| 14:51 | Construir | Farm |
| 14:56 | Construir | Farm |
| 14:57 | Construir | Farm |
| 14:59 | Construir | Farm |
| 15:24 | Crear | Villager (Male) |
| 15:26 | Construir | Farm |
| 15:27 | Construir | Farm |
| 15:32 | Crear | Villager (Male) |
| 15:56 | Construir | Palisade Wall |
| 15:58 | Construir | Palisade Wall |
| 15:59 | Construir | Palisade Wall |
| 16:00 | Construir | Palisade Wall |
| 16:07 | Crear | Villager (Male) |
| 16:10 | Construir | Farm |
| 16:12 | Construir | Farm |
| 16:46 | Crear | Villager (Male) |
| 16:47 | Crear | Villager (Male) |
| 16:49 | Construir | Farm |
| 17:01 | Construir | House |
| 17:14 | Construir | Mining Camp |
| 17:16 | Crear | Villager (Male) |
| 17:37 | Construir | House |
| 17:50 | Investigar | Feudal Age |
| 17:50 | Investigar | Feudal Age |
| 17:50 | Investigar | Feudal Age |
| 18:06 | Crear | Militia |
| 18:06 | Crear | Militia |
| 18:43 | Construir | Palisade Wall |
| 18:58 | Construir | Palisade Wall |
| 20:11 | Edad | Edad Feudal |
| 20:15 | Construir | Stone Wall |
| 20:18 | Construir | Stone Wall |
| 20:34 | Construir | Stone Wall |
| 21:04 | Crear | Villager (Male) ×5 |
| 21:13 | Construir | Barracks |
| 21:21 | Construir | Stone Wall |
| 21:31 | Construir | Stone Wall |
| 21:32 | Construir | Stone Wall |
| 21:36 | Construir | Stone Wall |
| 21:53 | Construir | Stone Wall |
| 22:15 | Construir | Stone Wall |
| 22:20 | Construir | Stone Wall |
| 22:22 | Construir | Stone Wall |
| 22:35 | Construir | Farm |
| 22:36 | Investigar | Horse Collar |
| 22:38 | Construir | Farm |
| 22:38 | Construir | Farm |
| 22:38 | Construir | Farm |
| 22:38 | Construir | Farm |
| 22:38 | Construir | Farm |
| 22:39 | Construir | Farm |
| 22:39 | Construir | Farm |
| 22:39 | Construir | Farm |
| 22:39 | Construir | Farm |
| 23:08 | Investigar | Wheelbarrow |
| 23:13 | Investigar | Double-Bit Axe |
| 23:13 | Investigar | Double-Bit Axe |
| 23:25 | Construir | House |
| 23:27 | Construir | House |
| 23:31 | Construir | Gate |
| 23:57 | Construir | Palisade Wall |
| 24:03 | Construir | Stone Wall |
| 24:21 | Construir | Stone Wall |
| 24:42 | Construir | Farm |
| 24:47 | Crear | Spearman |
| 24:47 | Crear | Spearman |
| 24:56 | Crear | Villager (Male) ×5 |
| 24:59 | Construir | House |
| 25:00 | Construir | House |
| 25:07 | Construir | Palisade Wall |
| 25:29 | Construir | Market |
| 26:00 | Construir | Blacksmith |
| 26:48 | Investigar | Castle Age |
| 26:48 | Investigar | Castle Age |
| 27:35 | Investigar | Gold Mining |
| 29:41 | Edad | Edad de los Castillos |
| 29:44 | Construir | Town Center |
| 29:49 | Construir | Town Center |
| 30:01 | Construir | Town Center |
| 30:24 | Construir | Stone Wall |
| 30:39 | Investigar | Bow Saw |
| 30:40 | Investigar | Bow Saw |
| 30:41 | Construir | Farm |
| 30:42 | Construir | Farm |
| 30:42 | Construir | Farm |
| 30:42 | Construir | Farm |
| 30:44 | Crear | Villager (Male) |
| 30:48 | Construir | Farm |
Build order — bolimoli
Primeras 150 de 467 acciones detectadas
| 0:01 | Crear | Villager (Male) |
| 0:02 | Crear | Villager (Male) |
| 0:03 | Construir | House |
| 0:04 | Construir | House |
| 0:06 | Crear | Villager (Male) |
| 0:07 | Crear | Villager (Male) |
| 1:03 | Investigar | Loom |
| 1:09 | Crear | Villager (Male) |
| 1:32 | Crear | Villager (Male) |
| 2:14 | Crear | Villager (Male) |
| 2:18 | Construir | House |
| 2:34 | Construir | Palisade Wall |
| 3:03 | Crear | Villager (Male) |
| 3:56 | Crear | Villager (Male) |
| 4:02 | Crear | Villager (Male) |
| 4:23 | Crear | Villager (Male) |
| 4:49 | Crear | Villager (Male) |
| 5:10 | Crear | Villager (Male) |
| 5:27 | Construir | Lumber Camp |
| 5:57 | Crear | Villager (Male) |
| 6:30 | Crear | Villager (Male) |
| 6:30 | Crear | Villager (Male) |
| 7:06 | Construir | House |
| 7:22 | Crear | Villager (Male) |
| 7:23 | Crear | Villager (Male) |
| 7:23 | Crear | Villager (Male) |
| 7:23 | Crear | Villager (Male) |
| 7:35 | Crear | Villager (Male) |
| 7:43 | Crear | Villager (Male) |
| 7:53 | Construir | Mill |
| 8:07 | Crear | Villager (Male) |
| 8:19 | Crear | Villager (Male) |
| 8:24 | Crear | Villager (Male) |
| 8:27 | Construir | House |
| 9:05 | Construir | Barracks |
| 9:33 | Crear | Villager (Male) |
| 9:34 | Crear | Villager (Male) |
| 10:54 | Investigar | Feudal Age |
| 11:07 | Crear | Villager (Male) |
| 11:34 | Construir | House |
| 11:39 | Construir | Palisade Wall |
| 11:40 | Construir | Palisade Wall |
| 11:46 | Construir | Palisade Wall |
| 12:02 | Construir | Palisade Gate |
| 12:09 | Construir | Palisade Gate |
| 12:16 | Construir | Palisade Wall |
| 12:17 | Construir | Palisade Wall |
| 12:31 | Construir | House |
| 12:33 | Construir | Mining Camp |
| 13:04 | Edad | Edad Feudal |
| 13:17 | Construir | Stable |
| 13:25 | Construir | Market |
| 13:31 | Crear | Villager (Male) |
| 14:01 | Crear | Villager (Male) |
| 14:09 | Investigar | Castle Age |
| 14:49 | Investigar | Double-Bit Axe |
| 15:40 | Construir | House |
| 16:00 | Construir | House |
| 16:03 | Construir | Palisade Wall |
| 16:04 | Construir | Palisade Wall |
| 16:05 | Construir | Palisade Wall |
| 16:45 | Crear | Villager (Male) |
| 16:46 | Crear | Villager (Male) |
| 16:50 | Edad | Edad de los Castillos |
| 16:52 | Construir | Town Center |
| 17:00 | Crear | Villager (Male) |
| 17:01 | Crear | Villager (Male) |
| 17:04 | Construir | Blacksmith |
| 17:05 | Crear | Knight |
| 17:06 | Crear | Knight |
| 17:06 | Crear | Knight |
| 17:06 | Crear | Knight |
| 17:31 | Crear | Villager (Male) |
| 17:34 | Construir | Siege Workshop |
| 17:37 | Crear | Villager (Male) |
| 17:50 | Crear | Villager (Male) |
| 17:52 | Crear | Villager (Male) |
| 18:19 | Crear | Mangonel |
| 18:27 | Construir | House |
| 18:33 | Construir | Monastery |
| 18:34 | Crear | Villager (Male) |
| 18:47 | Construir | Farm |
| 18:47 | Construir | Farm |
| 18:47 | Construir | Farm |
| 18:48 | Construir | Farm |
| 18:48 | Construir | Farm |
| 19:03 | Crear | Knight |
| 19:15 | Construir | Farm |
| 19:55 | Crear | Villager (Male) |
| 19:55 | Crear | Villager (Male) |
| 20:03 | Construir | Farm |
| 20:04 | Construir | Farm |
| 20:04 | Construir | Farm |
| 20:04 | Construir | Farm |
| 20:05 | Construir | Farm |
| 20:11 | Construir | Farm |
| 20:12 | Construir | Farm |
| 20:12 | Construir | Farm |
| 20:13 | Construir | Farm |
| 20:13 | Construir | Farm |
| 20:15 | Crear | Villager (Male) |
| 20:15 | Crear | Villager (Male) |
| 20:15 | Crear | Villager (Male) |
| 20:41 | Crear | Villager (Male) |
| 20:48 | Crear | Villager (Male) |
| 20:58 | Crear | Villager (Male) |
| 20:58 | Crear | Villager (Male) |
| 21:09 | Crear | Villager (Male) |
| 21:31 | Crear | Villager (Male) |
| 21:34 | Crear | Monk |
| 21:34 | Crear | Monk |
| 21:35 | Crear | Villager (Male) |
| 21:38 | Construir | House |
| 21:38 | Construir | House |
| 21:38 | Construir | House |
| 21:49 | Crear | Villager (Male) |
| 22:02 | Crear | Villager (Male) |
| 22:04 | Crear | Villager (Male) |
| 22:09 | Crear | Villager (Male) |
| 22:12 | Crear | Villager (Male) |
| 22:18 | Crear | Villager (Male) |
| 22:32 | Crear | Villager (Male) |
| 22:35 | Construir | Farm |
| 22:35 | Construir | Farm |
| 22:48 | Construir | House |
| 22:49 | Construir | House |
| 22:49 | Construir | House |
| 22:53 | Crear | Villager (Male) |
| 22:53 | Crear | Villager (Male) |
| 23:00 | Crear | Villager (Male) |
| 23:04 | Construir | Farm |
| 23:07 | Construir | Farm |
| 23:08 | Construir | Farm |
| 23:08 | Construir | Farm |
| 23:08 | Construir | Farm |
| 23:09 | Construir | Farm |
| 23:09 | Crear | Villager (Male) |
| 23:13 | Construir | Town Center |
| 24:07 | Crear | Villager (Male) |
| 24:13 | Crear | Villager (Male) |
| 24:15 | Crear | Villager (Male) |
| 24:18 | Crear | Villager (Male) |
| 24:32 | Crear | Villager (Male) |
| 24:39 | Crear | Villager (Male) |
| 24:40 | Crear | Villager (Male) |
| 24:51 | Construir | Farm |
| 24:51 | Construir | Farm |
| 24:51 | Construir | Farm |
| 24:52 | Construir | Farm |
| 24:52 | Construir | Farm |
Build order — FayDingaway
Primeras 150 de 430 acciones detectadas
| 0:02 | Crear | Villager (Male) ×4 |
| 0:04 | Construir | House |
| 0:05 | Construir | House |
| 0:17 | Investigar | Loom |
| 0:27 | Crear | Villager (Male) |
| 0:27 | Crear | Villager (Male) |
| 0:27 | Crear | Villager (Male) |
| 0:27 | Crear | Villager (Male) |
| 0:28 | Crear | Villager (Male) |
| 2:15 | Crear | Villager (Male) |
| 2:15 | Crear | Villager (Male) |
| 3:10 | Construir | Palisade Wall |
| 3:39 | Crear | Villager (Male) |
| 3:39 | Crear | Villager (Male) |
| 4:29 | Construir | Palisade Wall |
| 4:34 | Crear | Villager (Male) |
| 4:47 | Construir | House |
| 5:13 | Construir | Lumber Camp |
| 5:19 | Crear | Villager (Male) |
| 5:20 | Crear | Villager (Male) |
| 5:54 | Crear | Villager (Male) |
| 5:55 | Crear | Villager (Male) |
| 5:55 | Crear | Villager (Male) |
| 6:27 | Crear | Villager (Male) |
| 6:28 | Crear | Villager (Male) |
| 6:49 | Crear | Villager (Male) |
| 6:49 | Crear | Villager (Male) |
| 7:03 | Construir | House |
| 7:21 | Crear | Villager (Male) |
| 7:42 | Crear | Villager (Male) |
| 7:42 | Crear | Villager (Male) |
| 8:11 | Construir | Palisade Wall |
| 8:23 | Crear | Villager (Male) |
| 8:48 | Crear | Villager (Male) |
| 8:48 | Crear | Villager (Male) |
| 9:05 | Crear | Villager (Male) |
| 9:33 | Crear | Villager (Male) |
| 9:52 | Crear | Villager (Male) |
| 10:01 | Construir | House |
| 10:15 | Crear | Villager (Male) |
| 10:57 | Construir | Mill |
| 10:59 | Crear | Villager (Male) |
| 10:59 | Crear | Villager (Male) |
| 11:14 | Crear | Villager (Male) |
| 11:53 | Crear | Villager (Male) |
| 12:10 | Crear | Villager (Male) |
| 12:20 | Construir | Palisade Gate |
| 12:21 | Construir | Palisade Wall |
| 12:26 | Crear | Villager (Male) |
| 12:40 | Construir | Mining Camp |
| 12:57 | Construir | Palisade Wall |
| 13:02 | Crear | Villager (Male) |
| 13:32 | Investigar | Feudal Age |
| 13:55 | Construir | House |
| 14:06 | Construir | Palisade Wall |
| 14:12 | Construir | Palisade Wall |
| 14:40 | Construir | Barracks |
| 15:14 | Crear | Villager (Male) |
| 15:32 | Construir | Palisade Wall |
| 15:34 | Construir | Palisade Wall |
| 15:35 | Construir | Palisade Wall |
| 15:38 | Construir | Palisade Wall |
| 15:39 | Construir | Palisade Wall |
| 15:44 | Edad | Edad Feudal |
| 15:48 | Construir | Palisade Wall |
| 15:51 | Crear | Villager (Male) |
| 15:58 | Construir | House |
| 15:59 | Crear | Militia |
| 15:59 | Crear | Militia |
| 16:11 | Construir | House |
| 16:27 | Crear | Villager (Male) |
| 16:29 | Construir | Farm |
| 16:29 | Construir | Farm |
| 16:30 | Construir | Farm |
| 16:33 | Investigar | Horse Collar |
| 16:35 | Investigar | Double-Bit Axe |
| 16:44 | Crear | Villager (Male) |
| 16:58 | Construir | Stone Wall |
| 16:59 | Crear | Villager (Male) |
| 17:03 | Construir | Farm |
| 17:05 | Construir | Farm |
| 17:26 | Crear | Villager (Male) |
| 17:34 | Crear | Militia |
| 17:39 | Construir | Farm |
| 17:39 | Crear | Villager (Male) |
| 17:42 | Construir | Farm |
| 18:01 | Construir | Farm |
| 18:04 | Construir | Farm |
| 18:12 | Crear | Villager (Male) |
| 18:22 | Construir | House |
| 18:27 | Construir | Farm |
| 18:29 | Construir | Farm |
| 18:43 | Construir | House |
| 18:48 | Construir | Farm |
| 18:55 | Crear | Villager (Male) |
| 19:15 | Crear | Villager (Male) |
| 19:32 | Construir | Market |
| 19:47 | Crear | Villager (Male) |
| 20:19 | Construir | Blacksmith |
| 20:21 | Crear | Villager (Male) |
| 20:23 | Construir | Farm |
| 20:24 | Construir | Farm |
| 20:50 | Investigar | Castle Age |
| 20:53 | Construir | Mining Camp |
| 21:08 | Construir | Gate |
| 21:28 | Investigar | Man-at-Arms (upgrade) |
| 21:43 | Crear | Villager (Male) |
| 21:52 | Construir | Lumber Camp |
| 22:46 | Investigar | Arson |
| 23:30 | Edad | Edad de los Castillos |
| 23:35 | Construir | Town Center |
| 23:36 | Investigar | Bow Saw |
| 23:38 | Investigar | Heavy Plow |
| 23:39 | Crear | Villager (Male) |
| 24:02 | Crear | Villager (Male) |
| 24:06 | Construir | House |
| 24:15 | Construir | Town Center |
| 24:25 | Crear | Villager (Male) |
| 24:40 | Investigar | Wheelbarrow |
| 24:42 | Investigar | Stone Mining |
| 24:48 | Crear | Villager (Male) |
| 25:20 | Construir | Gate |
| 25:23 | Construir | Stone Wall |
| 25:26 | Construir | Stone Wall |
| 25:43 | Crear | Villager (Male) |
| 25:44 | Crear | Villager (Male) |
| 25:45 | Crear | Villager (Male) |
| 25:47 | Crear | Villager (Male) |
| 25:53 | Construir | Town Center |
| 25:54 | Crear | Villager (Male) |
| 26:06 | Investigar | Hand Cart |
| 26:10 | Crear | Villager (Male) |
| 26:12 | Construir | Farm |
| 26:16 | Crear | Villager (Male) |
| 26:29 | Crear | Villager (Male) |
| 26:39 | Crear | Villager (Male) |
| 26:49 | Construir | Stone Wall |
| 26:54 | Crear | Villager (Male) |
| 27:08 | Crear | Villager (Male) |
| 27:12 | Crear | Villager (Male) |
| 27:14 | Construir | Farm |
| 27:14 | Construir | Farm |
| 27:15 | Construir | Farm |
| 27:15 | Construir | Farm |
| 27:15 | Construir | Farm |
| 27:20 | Construir | Farm |
| 27:22 | Construir | Farm |
| 27:24 | Construir | Farm |
| 27:26 | Construir | Farm |
| 27:27 | Crear | Villager (Male) |
Build order — LM | Bumpi
Primeras 150 de 354 acciones detectadas
| 0:03 | Investigar | Loom |
| 0:46 | Crear | Villager (Male) |
| 0:47 | Crear | Villager (Male) |
| 1:12 | Crear | Villager (Male) |
| 1:12 | Crear | Villager (Male) |
| 1:36 | Crear | Villager (Male) |
| 1:36 | Crear | Villager (Male) |
| 1:59 | Crear | Villager (Male) |
| 2:00 | Crear | Villager (Male) |
| 2:26 | Crear | Villager (Male) |
| 2:26 | Crear | Villager (Male) |
| 2:42 | Construir | House |
| 2:43 | Construir | House |
| 2:51 | Crear | Villager (Male) |
| 2:51 | Crear | Villager (Male) |
| 3:18 | Crear | Villager (Male) |
| 3:19 | Crear | Villager (Male) |
| 3:19 | Crear | Villager (Male) |
| 3:36 | Construir | Lumber Camp |
| 3:44 | Crear | Villager (Male) |
| 3:44 | Crear | Villager (Male) |
| 4:02 | Crear | Villager (Male) |
| 4:03 | Crear | Villager (Male) |
| 4:37 | Crear | Villager (Male) |
| 4:48 | Construir | Mill |
| 5:09 | Crear | Villager (Male) |
| 5:09 | Crear | Villager (Male) |
| 5:33 | Crear | Villager (Male) |
| 5:33 | Crear | Villager (Male) |
| 6:03 | Crear | Villager (Male) |
| 6:04 | Crear | Villager (Male) |
| 6:38 | Crear | Villager (Male) |
| 7:00 | Crear | Villager (Male) |
| 7:00 | Crear | Villager (Male) |
| 7:40 | Construir | Mining Camp |
| 7:50 | Construir | Palisade Wall |
| 7:57 | Construir | Palisade Wall |
| 8:01 | Construir | Palisade Wall |
| 8:05 | Construir | Palisade Wall |
| 8:22 | Investigar | Feudal Age |
| 8:22 | Investigar | Feudal Age |
| 8:45 | Construir | House |
| 10:00 | Crear | Villager (Male) |
| 10:00 | Crear | Villager (Male) |
| 10:32 | Edad | Edad Feudal |
| 10:35 | Construir | Market |
| 10:38 | Construir | Blacksmith |
| 11:34 | Crear | Villager (Male) |
| 11:44 | Crear | Villager (Male) |
| 11:49 | Construir | House |
| 12:21 | Investigar | Castle Age |
| 13:25 | Crear | Trade Cart |
| 13:30 | Investigar | Double-Bit Axe |
| 13:31 | Investigar | Horse Collar |
| 13:40 | Construir | Farm |
| 13:43 | Construir | Farm |
| 13:48 | Construir | Farm |
| 14:04 | Construir | House |
| 14:04 | Construir | House |
| 14:40 | Crear | Villager (Male) |
| 14:40 | Crear | Villager (Male) |
| 15:04 | Edad | Edad de los Castillos |
| 15:17 | Construir | Town Center |
| 15:25 | Construir | Town Center |
| 15:30 | Crear | Villager (Male) |
| 15:35 | Construir | Farm |
| 15:39 | Construir | Farm |
| 15:40 | Construir | Farm |
| 15:42 | Construir | Farm |
| 15:45 | Construir | Farm |
| 15:58 | Crear | Villager (Male) |
| 15:59 | Crear | Villager (Male) |
| 16:46 | Investigar | Bow Saw |
| 16:49 | Investigar | Heavy Plow |
| 16:54 | Crear | Villager (Male) |
| 16:54 | Crear | Villager (Male) |
| 16:58 | Crear | Villager (Male) |
| 16:58 | Crear | Villager (Male) |
| 17:04 | Crear | Villager (Male) ×2 |
| 17:07 | Construir | Farm |
| 17:09 | Construir | Farm |
| 17:10 | Construir | Farm |
| 17:19 | Construir | Farm |
| 17:32 | Crear | Villager (Male) ×2 |
| 17:41 | Crear | Villager (Male) |
| 17:41 | Crear | Villager (Male) |
| 17:41 | Crear | Villager (Male) |
| 17:52 | Construir | Farm |
| 17:53 | Construir | Farm |
| 17:59 | Construir | Farm |
| 18:05 | Crear | Villager (Male) ×2 |
| 18:05 | Crear | Villager (Male) ×2 |
| 18:09 | Construir | Farm |
| 18:12 | Construir | Farm |
| 18:17 | Crear | Villager (Male) |
| 18:23 | Construir | Farm |
| 18:29 | Crear | Villager (Male) ×2 |
| 18:31 | Construir | Farm |
| 18:52 | Crear | Villager (Male) ×2 |
| 18:52 | Crear | Villager (Male) ×2 |
| 19:00 | Construir | Farm |
| 19:01 | Construir | Farm |
| 19:03 | Construir | Farm |
| 19:06 | Crear | Villager (Male) ×3 |
| 19:07 | Crear | Villager (Male) ×3 |
| 19:19 | Crear | Villager (Male) ×2 |
| 19:38 | Crear | Villager (Male) ×2 |
| 19:46 | Construir | Town Center |
| 19:53 | Crear | Villager (Male) ×3 |
| 20:04 | Construir | Farm |
| 20:10 | Construir | Lumber Camp |
| 20:19 | Crear | Villager (Male) ×4 |
| 20:24 | Construir | Farm |
| 20:25 | Construir | Farm |
| 20:29 | Construir | Farm |
| 20:30 | Construir | Farm |
| 20:40 | Construir | House |
| 20:41 | Construir | House |
| 20:42 | Construir | House |
| 20:43 | Construir | House |
| 20:44 | Construir | House |
| 20:45 | Construir | House |
| 20:56 | Investigar | Wheelbarrow |
| 21:12 | Crear | Villager (Male) |
| 21:12 | Crear | Villager (Male) |
| 21:15 | Crear | Villager (Male) ×3 |
| 21:33 | Investigar | Stone Mining |
| 21:36 | Investigar | Gold Mining |
| 21:41 | Crear | Villager (Male) |
| 21:41 | Crear | Villager (Male) |
| 21:43 | Construir | Farm |
| 21:44 | Construir | Farm |
| 21:45 | Construir | Farm |
| 21:46 | Construir | Farm |
| 21:47 | Construir | Farm |
| 21:55 | Crear | Villager (Male) ×3 |
| 21:55 | Crear | Villager (Male) ×3 |
| 22:25 | Crear | Villager (Male) ×5 |
| 22:25 | Crear | Villager (Male) ×5 |
| 22:35 | Crear | Villager (Male) |
| 22:35 | Crear | Villager (Male) |
| 22:49 | Construir | Farm |
| 22:49 | Construir | Farm |
| 22:50 | Construir | Farm |
| 22:50 | Construir | Farm |
| 22:50 | Construir | Farm |
| 22:51 | Construir | Farm |
| 22:59 | Crear | Villager (Male) ×5 |
| 23:00 | Crear | Villager (Male) ×5 |
| 23:06 | Construir | Mill |
Cronología de la partida
| 0:55 | Violet Ania · wall_segment Palisade Wall x16 |
| 1:03 | MrGuler · wall_segment Palisade Wall x2 |
| 1:49 | Violet Ania · wall_segment Palisade Wall x1 |
| 2:28 | MrGuler · wall_segment Palisade Wall x2 |
| 2:34 | bolimoli · wall_segment Palisade Wall x10 |
| 2:49 | MrGuler · wall_segment Palisade Wall x2 |
| 3:10 | FayDingaway · wall_segment Palisade Wall x9 |
| 3:57 | Prince <3 · first_building Dock |
| 4:29 | FayDingaway · wall_segment Palisade Wall x1 |
| 6:17 | Prince <3 · wall_segment Palisade Wall x1 |
| 6:21 | Prince <3 · wall_segment Palisade Wall x1 |
| 7:15 | Prince <3 · wall_segment Palisade Wall x1 |
| 7:18 | Prince <3 · wall_segment Palisade Wall x1 |
| 7:23 | Prince <3 · wall_segment Palisade Wall x10 |
| 7:39 | MrGuler · wall_segment Palisade Wall x3 |
| 7:50 | LM | Bumpi · wall_segment Palisade Wall x1 |
| 7:57 | LM | Bumpi · wall_segment Palisade Wall x1 |
| 8:01 | LM | Bumpi · wall_segment Palisade Wall x1 |
| 8:05 | LM | Bumpi · wall_segment Palisade Wall x1 |
| 8:11 | FayDingaway · wall_segment Palisade Wall x1 |
| 8:16 | Prince <3 · wall_segment Palisade Wall x12 |
| 8:54 | Prince <3 · wall_segment Palisade Wall x10 |
| 9:05 | bolimoli · first_building Barracks |
| 9:16 | MrGuler · wall_segment Palisade Wall x1 |
| 9:19 | tftnadi · wall_segment Palisade Wall x16 |
| 9:47 | MrGuler · wall_segment Palisade Wall x10 |
| 10:07 | tftnadi · age_up feudal |
| 10:10 | MrGuler · wall_segment Palisade Wall x1 |
| 10:12 | MrGuler · wall_segment Palisade Wall x1 |
| 10:14 | MrGuler · wall_segment Palisade Wall x1 |
| 10:15 | MrGuler · wall_segment Palisade Wall x1 |
| 10:27 | Violet Ania · age_up feudal |
| 10:30 | MrGuler · wall_segment Palisade Wall x1 |
| 10:32 | LM | Bumpi · age_up feudal |
| 10:39 | Violet Ania · wall_segment Stone Wall x16 |
| 10:56 | LM | Hanserino · age_up feudal |
| 11:09 | MrGuler · first_building Barracks |
| 11:13 | MrGuler · wall_segment Palisade Wall x1 |
| 11:15 | MrGuler · wall_segment Palisade Wall x1 |
| 11:17 | MrGuler · wall_segment Palisade Wall x1 |
| 11:39 | bolimoli · wall_segment Palisade Wall x1 |
| 11:40 | bolimoli · wall_segment Palisade Wall x1 |
| 11:46 | bolimoli · wall_segment Palisade Wall x1 |
| 11:52 | MrGuler · wall_segment Palisade Wall x1 |
| 12:16 | bolimoli · wall_segment Palisade Wall x1 |
| 12:17 | bolimoli · wall_segment Palisade Wall x2 |
| 12:21 | FayDingaway · wall_segment Palisade Wall x1 |
| 12:52 | Prince <3 · age_up feudal |
| 12:57 | FayDingaway · wall_segment Palisade Wall x6 |
| 13:04 | bolimoli · age_up feudal |
| 13:17 | bolimoli · first_building Stable |
| 13:58 | Prince <3 · wall_segment Stone Wall x13 |
| 14:00 | Violet Ania · first_market_sell 100 stone |
| 14:02 | bolimoli · first_market_sell 100 wood |
| 14:06 | FayDingaway · wall_segment Palisade Wall x5 |
| 14:09 | tftnadi · age_up castle |
| 14:12 | tftnadi · first_building Siege Workshop |
| 14:12 | FayDingaway · wall_segment Palisade Wall x6 |
| 14:26 | LM | Hanserino · age_up castle |
| 14:28 | LM | Hanserino · first_building Siege Workshop |
| 14:40 | FayDingaway · first_building Barracks |
| 14:41 | LM | Hanserino · first_market_buy 100 food |
| 14:52 | tftnadi · first_building Monastery |
| 15:04 | LM | Bumpi · age_up castle |
| 15:29 | tftnadi · first_market_buy 100 wood |
| 15:32 | FayDingaway · wall_segment Palisade Wall x1 |
| 15:34 | FayDingaway · wall_segment Palisade Wall x1 |
| 15:35 | FayDingaway · wall_segment Palisade Wall x1 |
| 15:38 | FayDingaway · wall_segment Palisade Wall x1 |
| 15:39 | FayDingaway · wall_segment Palisade Wall x1 |
| 15:44 | FayDingaway · age_up feudal |
| 15:48 | FayDingaway · wall_segment Palisade Wall x1 |
| 15:56 | MrGuler · wall_segment Palisade Wall x1 |
| 15:58 | MrGuler · wall_segment Palisade Wall x1 |
| 15:59 | MrGuler · wall_segment Palisade Wall x1 |
| 16:00 | MrGuler · wall_segment Palisade Wall x1 |
| 16:03 | bolimoli · wall_segment Palisade Wall x1 |
| 16:04 | bolimoli · wall_segment Palisade Wall x1 |
| 16:05 | bolimoli · wall_segment Palisade Wall x1 |
| 16:22 | Prince <3 · age_up castle |
| 16:46 | Violet Ania · age_up castle |
| 16:50 | bolimoli · age_up castle |
| 16:58 | FayDingaway · wall_segment Stone Wall x9 |
| 17:01 | LM | Bumpi · first_market_buy 100 food |
| 17:27 | Violet Ania · wall_segment Stone Wall x17 |
| 17:34 | bolimoli · first_building Siege Workshop |
| 18:08 | tftnadi · first_market_sell 100 food |
| 18:33 | bolimoli · first_building Monastery |
| 18:43 | MrGuler · wall_segment Palisade Wall x11 |
| 18:58 | MrGuler · wall_segment Palisade Wall x1 |
| 19:32 | Violet Ania · first_building Barracks |
| 19:52 | Prince <3 · first_market_sell 500 food |
| 19:53 | Prince <3 · first_market_buy 500 stone |
| 20:11 | MrGuler · age_up feudal |
| 20:14 | bolimoli · first_market_buy 100 food |
| 20:15 | MrGuler · wall_segment Stone Wall x1 |
| 20:18 | MrGuler · wall_segment Stone Wall x13 |
| 20:21 | Prince <3 · first_building Castle |
| 20:30 | Violet Ania · first_building Stable |
| 20:34 | MrGuler · wall_segment Stone Wall x1 |
| 21:09 | Violet Ania · wall_segment Palisade Wall x1 |
| 21:12 | Violet Ania · wall_segment Palisade Wall x1 |
| 21:21 | MrGuler · wall_segment Stone Wall x2 |
| 21:28 | Violet Ania · first_market_buy 100 food |
| 21:29 | tftnadi · first_building Barracks |
| 21:31 | MrGuler · wall_segment Stone Wall x1 |
| 21:32 | MrGuler · wall_segment Stone Wall x1 |
| 21:36 | MrGuler · wall_segment Stone Wall x1 |
| 21:47 | Violet Ania · wall_segment Stone Wall x18 |
| 21:53 | MrGuler · wall_segment Stone Wall x10 |
| 22:15 | MrGuler · wall_segment Stone Wall x1 |
| 22:20 | MrGuler · wall_segment Stone Wall x1 |
| 22:22 | MrGuler · wall_segment Stone Wall x1 |
| 23:08 | Prince <3 · first_building Siege Workshop |
| 23:30 | FayDingaway · age_up castle |
| 23:44 | LM | Hanserino · first_building Castle |
| 23:44 | tftnadi · wall_segment Stone Wall x15 |
| 23:57 | MrGuler · wall_segment Palisade Wall x1 |
| 24:03 | MrGuler · wall_segment Stone Wall x1 |
| 24:21 | MrGuler · wall_segment Stone Wall x1 |
| 24:32 | LM | Bumpi · first_building Siege Workshop |
| 25:04 | LM | Hanserino · first_market_sell 100 food |
| 25:07 | MrGuler · wall_segment Palisade Wall x3 |
| 25:17 | Prince <3 · first_building Barracks |
| 25:22 | Violet Ania · wall_segment Stone Wall x10 |
| 25:23 | FayDingaway · wall_segment Stone Wall x1 |
| 25:25 | LM | Hanserino · wall_segment Stone Wall x5 |
| 25:26 | FayDingaway · wall_segment Stone Wall x3 |
| 25:54 | Prince <3 · wall_segment Stone Wall x15 |
| 26:00 | LM | Hanserino · first_building Monastery |
| 26:03 | LM | Bumpi · first_building Barracks |
| 26:08 | Violet Ania · wall_segment Stone Wall x7 |
| 26:12 | LM | Hanserino · first_building Barracks |
| 26:30 | Violet Ania · wall_segment Stone Wall x9 |
| 26:49 | FayDingaway · wall_segment Stone Wall x10 |
| 27:31 | Violet Ania · wall_segment Stone Wall x13 |
| 27:44 | MrGuler · first_market_buy 100 stone |
| 27:52 | Violet Ania · wall_segment Stone Wall x13 |
| 28:00 | LM | Bumpi · first_building Castle |
| 28:14 | Violet Ania · wall_segment Stone Wall x9 |
| 28:35 | LM | Hanserino · age_up imperial |
| 29:00 | Prince <3 · first_building Monastery |
| 29:04 | FayDingaway · wall_segment Stone Wall x1 |
| 29:06 | FayDingaway · wall_segment Stone Wall x4 |
| 29:10 | FayDingaway · wall_segment Stone Wall x3 |
| 29:13 | FayDingaway · wall_segment Stone Wall x4 |
| 29:30 | LM | Bumpi · age_up imperial |
| 29:34 | FayDingaway · wall_segment Stone Wall x1 |
| 29:34 | FayDingaway · wall_segment Stone Wall x1 |
| 29:38 | bolimoli · first_building Archery Range |
| 29:41 | MrGuler · age_up castle |
| 30:03 | bolimoli · first_building Castle |
| 30:24 | MrGuler · wall_segment Stone Wall x14 |
| 30:26 | FayDingaway · wall_segment Stone Wall x11 |
| 30:34 | LM | Hanserino · first_building Archery Range |
| 30:45 | bolimoli · age_up imperial |
| 30:51 | FayDingaway · first_building Monastery |
| 31:38 | MrGuler · wall_segment Stone Wall x6 |
| 31:46 | Prince <3 · age_up imperial |
| 32:21 | FayDingaway · first_building Archery Range |
| 32:23 | Prince <3 · first_building Stable |
| 32:26 | FayDingaway · wall_segment Stone Wall x10 |
| 33:21 | FayDingaway · first_building Castle |
| 33:23 | tftnadi · wall_segment Stone Wall x11 |
| 33:55 | MrGuler · wall_segment Stone Wall x1 |
| 33:58 | MrGuler · wall_segment Stone Wall x1 |
| 34:00 | MrGuler · wall_segment Stone Wall x1 |
| 34:04 | MrGuler · wall_segment Stone Wall x1 |
| 34:13 | Prince <3 · first_building Archery Range |
| 34:32 | FayDingaway · age_up imperial |
| 35:01 | FayDingaway · first_building Stable |
| 36:00 | tftnadi · age_up imperial |
| 37:45 | Violet Ania · wall_segment Stone Wall x11 |
| 38:19 | Violet Ania · wall_segment Stone Wall x4 |
| 38:30 | Violet Ania · wall_segment Stone Wall x6 |
| 38:31 | FayDingaway · first_building Siege Workshop |
| 38:39 | Violet Ania · wall_segment Stone Wall x1 |
| 38:58 | Violet Ania · wall_segment Stone Wall x1 |
| 39:01 | Violet Ania · wall_segment Stone Wall x3 |
| 39:06 | Violet Ania · wall_segment Stone Wall x1 |
| 39:13 | Violet Ania · wall_segment Stone Wall x7 |
| 39:46 | tftnadi · first_building Archery Range |
| 40:34 | Violet Ania · wall_segment Stone Wall x6 |
| 40:37 | LM | Bumpi · tribute_sent a jugador 1 |
| 40:37 | LM | Bumpi · tribute_sent a jugador 2 |
| 40:37 | LM | Bumpi · tribute_sent a jugador 3 |
| 40:37 | LM | Bumpi · tribute_sent a jugador 4 |
| 40:37 | LM | Bumpi · tribute_sent a jugador 5 |
| 40:37 | LM | Bumpi · tribute_sent a jugador 6 |
| 40:37 | LM | Bumpi · tribute_sent a jugador 7 |
| 40:47 | LM | Bumpi · tribute_sent a jugador 1 |
| 40:47 | LM | Bumpi · tribute_sent a jugador 2 |
| 40:47 | LM | Bumpi · tribute_sent a jugador 3 |
| 40:47 | LM | Bumpi · tribute_sent a jugador 4 |
| 40:47 | LM | Bumpi · tribute_sent a jugador 5 |
| 40:47 | LM | Bumpi · tribute_sent a jugador 6 |
| 40:47 | LM | Bumpi · tribute_sent a jugador 7 |
| 41:21 | tftnadi · first_building Castle |
| 43:33 | MrGuler · wall_segment Palisade Wall x1 |
| 43:43 | MrGuler · wall_segment Palisade Wall x6 |
| 44:06 | Violet Ania · first_building Monastery |
| 44:36 | MrGuler · wall_segment Stone Wall x1 |
| 46:54 | bolimoli · tribute_sent a jugador 1 |
| 46:54 | bolimoli · tribute_sent a jugador 2 |
| 46:54 | bolimoli · tribute_sent a jugador 3 |
| 46:54 | bolimoli · tribute_sent a jugador 4 |
| 46:55 | bolimoli · tribute_sent a jugador 5 |
| 46:55 | bolimoli · tribute_sent a jugador 7 |
| 46:55 | bolimoli · tribute_sent a jugador 8 |
| 47:08 | MrGuler · wall_segment Stone Wall x4 |
| 47:14 | MrGuler · wall_segment Stone Wall x5 |
| 47:39 | Violet Ania · age_up imperial |
| 48:27 | MrGuler · resign |
[ ANÁLISIS IA · 1 CRÉDITO ]
¿Qué pasó realmente en esta partida?
Wolo.gg analiza cada decisión: build order, eco, micro, errores típicos por bracket. Análisis personalizado por WhatsApp o Discord en 30 segundos.
Guía civ
Vikingos
Perfil
Jugador #11258024